 Dungeon Crawl Stone Soup version 0.30.1-11-g7821555f0a (webtiles) character file.

Game seed: 943398146490489237

146 Peloso the Covered (level 5, 0/47 HPs)
             Began as a Minotaur Fighter on Nov 11, 2023.
             Slain by an orc wizard
             ... wielding a +0 dagger
              (2 damage)
             ... on level 3 of the Dungeon.
             The game lasted 00:03:56 (2307 turns).

Peloso the Covered (Minotaur Fighter)               Turns: 2307, Time: 00:03:57

Health: 0/47       AC:  7    Str: 18 (20) XL:     5   Next: 7%
Magic:  4/4        EV:  9    Int:  4 (5)  God:
Gold:   230        SH:  0    Dex:  9 (12) Spells: 4/4 levels left

rFire   . . .        a - +0 long sword
rCold   . . .        c - +0 buckler
rNeg    . . .        b - +0 scale mail
rPois   .            (helmet restricted)
rElec   .            (no cloak)
rCorr   .            (no gloves)
SInv    .            (no boots)
Will    .....        (no amulet) Stlth
                     (no ring)
HPRegen 0.27/turn    (no ring)
MPRegen 0.09/turn

%: no passive effects
@: confused
A: horns 2, retaliatory headbutt
a: no special abilities


You were on level 3 of the Dungeon.
You visited 1 branch of the dungeon, and saw 3 of its levels.

You collected 230 gold pieces.

Inventory:

Hand Weapons
 a - a +0 long sword (weapon)
Armour
 b - a +0 scale mail (worn)
 c - a +0 buckler (worn)
Jewellery
 j - a ring of ice
Scrolls
 f - 2 scrolls of enchant weapon {unknown}
 h - a scroll of identify {unknown}
 m - a scroll of poison {unknown}
Potions
 d - 4 potions of might
 e - 2 potions of brilliance
 l - a potion of cancellation


   Skills:
 + Level 4.5 Fighting
 + Level 4.3 Long Blades
 + Level 4.7 Armour
 + Level 0.5 Dodging
 + Level 4.2 Shields


You had 4 spell levels left.
You didn't know any spells.
Your spell library was empty.

Dungeon Overview and Level Annotations

Branches:
Dungeon (3/15)

Altars:


Innate Abilities, Weirdness & Mutations

You have a pair of horns on your head.
You reflexively headbutt those who attack you in melee.


Message History

* * * LOW HITPOINT WARNING * * *
You hit something. You block something's attack.
You hear some strange, mumbled words.
You are confused.
Something hits you.
* * * LOW HITPOINT WARNING * * *
Something hits you but does no damage.
Unknown command.
You feel better. Something hits you.
* * * LOW HITPOINT WARNING * * *
Something hits you but does no damage.
You hit something but do no damage. You block something's attack.
Something hits you.
* * * LOW HITPOINT WARNING * * *
Unknown command.
You closely miss something. Something hits you but does no damage.
You hear some strange, mumbled words.
You are confused.
Unknown command.
You miss something. Your headbutt misses something.
Something hits you but does no damage. Something hits you.
* * * LOW HITPOINT WARNING * * *
You hit something.
Something hits you but does no damage. x2
Unknown command.
It was a potion of magic.
Magic courses through your body. Something hits you but does no damage.
You hear some strange, mumbled words.
You are more confused.
You barely miss something. Something hits you but does no damage.
Something hits you.
* * * LOW HITPOINT WARNING * * *
Something hits you.
* * * LOW HITPOINT WARNING * * *
Something hits you.
* * * LOW HITPOINT WARNING * * *
It was a potion of degeneration.
There was something very wrong with that liquid.
You feel weakened.
You feel dopey.
You feel clumsy. Something hits you but does no damage. Something hits you.
You die...

#..#..#..#.................#
##....#...............>....#
#...# #.................#
.#. #...#.............# #
#...###...#.#†####
##.............### .
!................# .
#............##.# .
......#@......# .#
##....#)###......# ....#.)o#
#####... ... ###.# #.. ..
... .. . ... ..... .....
.......


You could see an orc.

Vanquished Creatures
  2 orc priests (D:3)
  An adder (D:3)
  A worm (D:3)
  3 dart slugs (D:2)
  4 orcs (D:3)
  7 ball pythons
  7 endoplasms
  2 giant cockroaches
  9 goblins
  5 hobgoblins
  2 quokkas
  5 bats
  4 frilled lizards
  7 kobolds
  9 rats
68 creatures vanquished.

Notes
Turn   | Place    | Note
-------+----------+-------------------------------------------
     0 | D:1      | Peloso the Minotaur Fighter began the quest for the Orb.
     0 | D:1      | Reached XP level 1. HP: 19/19 MP: 0/0
   130 | D:1      | Reached XP level 2. HP: 27/27 MP: 1/1
  1246 | D:2      | Reached XP level 3. HP: 31/33 MP: 2/2
  2096 | D:3      | Reached XP level 4. HP: 41/41 MP: 3/3
  2293 | D:3      | Reached XP level 5. HP: 9/47 MP: 4/4
  2306 | D:3      | HP: 2/47 [something (2)]
  2307 | D:3      | Slain by an orc wizard

Illustrated notes

Levels and vault maps discovered:
D:1:      minmay_arrival_floating_metal, layout_basic, serial_park_tiny_2,
          minmay_misc_feat_four_crosses, patterned_corridor
D:2:      layout_loops_ring, roderic_lattice_a, minmay_joined_circles
D:3:      layout_rooms, shapermc_ecumenical_altar_mp_ritualfount

Skill      XL: |  1  2  3  4 |
---------------+-------------+-----
Armour         | 4 |  4.7
Shields        | 4 |  4.2
Fighting       | 4 |  4.5
Long Blades    | 3 4 |  4.3
Dodging        | |  0.5

Action                     |  1- 3 |  4- 6 || total
---------------------------+-------+-------++-------
  Melee: Long sword        |   113 |    52 ||   165
         Headbutt          |    23 |     6 ||    29
    Use: Potion            |     5 |     4 ||     9
 Armour: Scale mail        |    56 |    39 ||    95
  Dodge: Dodged            |    51 |    20 ||    71
  Block: Buckler           |    29 |    16 ||    45
